| TOP OF THE 1ST |
|
Chicago White Sox batting - Pitching for Oakland Athletics : RHP Dan Larson
|
|
Pitching: RHP Dan Larson
|
|
|
Batting: SHB Ozzie Smith
|
0-0: Ball 1-0: Ball 2-0: Called Strike 2-1: Ball 3-1: Base on Balls
|
|
Batting: LHB Mitchell Page
|
0-0: Called Strike 0-1: Foul Ball, location: 2F 0-2: Foul Ball, location: 2F 0-2: SINGLE (Flyball, 8RS, EV 93.1 MPH) Ozzie Smith to second Ozzie Smith to third
|
|
Batting: RHB Kevin McReynolds
|
0-0: Called Strike 0-1: Swinging Strike 0-2: Ball 1-2: Strikes out swinging
|
|
Batting: RHB Tim Teufel
|
0-0: Called Strike 0-1: Ball 1-1: Ball 2-1: Foul Ball, location: 2F 2-2: Foul Ball, location: 2F 2-2: Fly out, F8 (Flyball, 8LXD, EV 103.8 MPH) Runner from 3rd tags up, SCORES, no throw by CF
|
|
Batting: RHB Steve Henderson
|
0-0: Ball 1-0: SINGLE (Groundball, 56D, EV 95.0 MPH) Mitchell Page to second
|
|
Batting: SHB Dwayne Taggart
|
0-0: Called Strike 0-1: Foul Ball, location: 2F 0-2: Ball 1-2: Foul Ball, location: 2F 1-2: Fly out, F7 (Flyball, 7S, EV 83.1 MPH)
|
| Top of the 1st over - 1 run, 2 hits, 0 errors, 2 left on base; Chicago 1 - Oakland 0 |
| BOTTOM OF THE 1ST |
|
Oakland Athletics batting - Pitching for Chicago White Sox : LHP Douglas Nelson
|
|
Pitching: LHP Douglas Nelson
|
|
|
Batting: SHB Mike Turgeon
|
0-0: SOLO HOME RUN (Flyball, 7D, EV 110.6 MPH), Distance : 378 ft
|
|
Batting: LHB Ruppert Jones
|
0-0: Ball 1-0: Swinging Strike 1-1: Swinging Strike 1-2: Fly out, F9 (Flyball, 9S, EV 85.0 MPH)
|
|
Batting: RHB Dave Henderson
|
0-0: Called Strike 0-1: Ball 1-1: Ball 2-1: Foul Ball, location: 2F 2-2: DOUBLE (Line Drive, 89M, EV 103.8 MPH)
|
|
Batting: LHB Reggie Jackson
|
0-0: Swinging Strike 0-1: Ground out 4-3 (Groundball, 4, EV 106.9 MPH) Dave Henderson to third
|
|
Batting: LHB Ben Oglivie
|
0-0: Ball 1-0: Called Strike 1-1: Called Strike 1-2: Ball 2-2: Ball 3-2: SINGLE (Groundball, 6MD, EV 101.3 MPH) Dave Henderson scores
|
|
Batting: RHB Earl C Williams
|
0-0: Ball 1-0: Called Strike 1-1: Swinging Strike 1-2: Foul Ball, location: 2F 1-2: Strikes out swinging
|
| Bottom of the 1st over - 2 runs, 3 hits, 0 errors, 1 left on base; Chicago 1 - Oakland 2 |
| TOP OF THE 2ND |
|
Chicago White Sox batting - Pitching for Oakland Athletics : RHP Dan Larson
|
|
Batting: LHB Ryan MacFarland
|
0-0: DOUBLE (Flyball, 8LXD, EV 106.9 MPH)
|
|
Batting: SHB Wayne Tolleson
|
0-0: Foul Ball, location: 2F 0-1: Ball 1-1: Ball Wild Pitch! Ryan MacFarland to third 2-1: Ball 3-1: Fly out, F8 (Flyball, 8RD, EV 94.4 MPH) Runner from 3rd tags up, SCORES, throw by CF
|
|
Batting: LHB Steve Christmas
|
0-0: Ball 1-0: Foul Ball, location: 2F 1-1: Fly out, F6 (Popup, 4S, EV 82.5 MPH)
|
|
Batting: SHB Ozzie Smith
|
0-0: Ball 1-0: Ground out 4-3 (Groundball, 4, EV 97.5 MPH)
|
| Top of the 2nd over - 1 run, 1 hit, 0 errors, 0 left on base; Chicago 2 - Oakland 2 |
| BOTTOM OF THE 2ND |
|
Oakland Athletics batting - Pitching for Chicago White Sox : LHP Douglas Nelson
|
|
Batting: RHB Willie Darkis
|
0-0: Ball 1-0: Ball 2-0: Fly out, F9 (Flyball, 9D, EV 86.9 MPH)
|
|
Batting: RHB Fred Andrews
|
0-0: Called Strike 0-1: Foul Ball, location: 2F 0-2: SINGLE (Line Drive, 34D, EV 99.4 MPH)
|
|
Batting: SHB Chico Walker
|
0-0: Called Strike 0-1: SINGLE (Flyball, 56D, EV 95.0 MPH) Fred Andrews to second
|
|
Batting: SHB Mike Turgeon
|
0-0: Ball 1-0: Fly out, F9 (Flyball, 9LM, EV 99.4 MPH) Runner from 2nd tags up, SAFE at 3rd, no throw by RF
|
|
Batting: LHB Ruppert Jones
|
0-0: Called Strike 0-1: Ball 1-1: Swinging Strike 1-2: Foul Ball, location: 2F 1-2: Ball Chico Walker steals 2nd base 2-2: Fly out, F6 (Flyball, 56D, EV 90.6 MPH)
|
| Bottom of the 2nd over - 0 runs, 2 hits, 0 errors, 2 left on base; Chicago 2 - Oakland 2 |
| TOP OF THE 3RD |
|
Chicago White Sox batting - Pitching for Oakland Athletics : RHP Dan Larson
|
|
Batting: LHB Mitchell Page
|
0-0: Foul Ball, location: 2F 0-1: Fly out, F8 (Line Drive, 8LM, EV 93.8 MPH)
|
|
Batting: RHB Kevin McReynolds
|
0-0: Ball 1-0: Ball 2-0: Fly out, F3 (Popup, 23F, EV 83.1 MPH)
|
|
Batting: RHB Tim Teufel
|
0-0: Called Strike 0-1: Ball 1-1: Ball 2-1: Ball 3-1: Swinging Strike 3-2: Fly out, F7 (Flyball, 78S, EV 88.8 MPH)
|
| Top of the 3rd over - 0 runs, 0 hits, 0 errors, 0 left on base; Chicago 2 - Oakland 2 |
| BOTTOM OF THE 3RD |
|
Oakland Athletics batting - Pitching for Chicago White Sox : LHP Douglas Nelson
|
|
Batting: RHB Dave Henderson
|
0-0: Called Strike 0-1: Ball 1-1: Ball 2-1: Ball 3-1: Base on Balls
|
|
Batting: LHB Reggie Jackson
|
0-0: Called Strike 0-1: Foul Ball, location: 2F 0-2: Strikes out swinging
|
|
Batting: LHB Ben Oglivie
|
0-0: Fly out, F8 (Flyball, 8RD, EV 86.3 MPH)
|
|
Batting: RHB Earl C Williams
|
0-0: Ball 1-0: DOUBLE (Line Drive, 89D, EV 104.4 MPH) Dave Henderson to third Runner from 3rd tries for Home, SAFE, throw by CF to trailing runner, OUT at third! 8-3-5
|
| Bottom of the 3rd over - 1 run, 1 hit, 0 errors, 0 left on base; Chicago 2 - Oakland 3 |
| TOP OF THE 4TH |
|
Chicago White Sox batting - Pitching for Oakland Athletics : RHP Dan Larson
|
|
Batting: RHB Steve Henderson
|
0-0: Ball 1-0: Ball 2-0: Ball 3-0: Base on Balls
|
|
Batting: SHB Dwayne Taggart
|
0-0: Foul Ball, location: 2F 0-1: Swinging Strike 0-2: Fielders Choice at 2nd, 4-6 (Groundball, 4, EV 83.8 MPH)
|
|
Batting: LHB Ryan MacFarland
|
0-0: Ball Dwayne Taggart steals 2nd base 1-0: Swinging Strike 1-1: SINGLE (Line Drive, 8RM, EV 93.1 MPH) Dwayne Taggart to third Runner from 3rd tries for Home, SAFE, throw by CF to home
|
|
Batting: SHB Wayne Tolleson
|
0-0: Ball 1-0: Ball 2-0: Swinging Strike 2-1: Foul Ball, location: 2F 2-2: Fly out, F7 (Flyball, 7LS, EV 86.9 MPH)
|
|
Batting: LHB Steve Christmas
|
0-0: Called Strike 0-1: Called Strike 0-2: Ball 1-2: Foul Ball, location: 2F 1-2: Foul Ball, location: 2F 1-2: Ball 2-2: Ball 3-2: Ground out 4-3 (Groundball, 4, EV 103.1 MPH)
|
| Top of the 4th over - 1 run, 1 hit, 0 errors, 1 left on base; Chicago 3 - Oakland 3 |
| BOTTOM OF THE 4TH |
|
Oakland Athletics batting - Pitching for Chicago White Sox : LHP Douglas Nelson
|
|
Batting: RHB Willie Darkis
|
0-0: Called Strike 0-1: Ball 1-1: Ball 2-1: Ground out 4-3 (Groundball, 4S, EV 83.8 MPH)
|
|
Batting: RHB Fred Andrews
|
0-0: SINGLE (Groundball, 6D, EV 98.1 MPH)
|
|
Batting: SHB Chico Walker
|
0-0: Ball 1-0: Called Strike 1-1: Ball 2-1: Fielders Choice at 2nd, 5-4 (Groundball, 56, EV 83.8 MPH)
|
|
Batting: SHB Mike Turgeon
|
0-0: Ball Chico Walker steals 2nd base 1-0: Swinging Strike 1-1: Swinging Strike 1-2: Ball 2-2: Ball 3-2: Ground out 4-3 (Groundball, 4M, EV 91.3 MPH)
|
| Bottom of the 4th over - 0 runs, 1 hit, 0 errors, 1 left on base; Chicago 3 - Oakland 3 |
| TOP OF THE 5TH |
|
Chicago White Sox batting - Pitching for Oakland Athletics : RHP Dan Larson
|
|
Batting: SHB Ozzie Smith
|
0-0: Foul Ball, location: 2F 0-1: Ball 1-1: Ball 2-1: Foul Ball, location: 2F 2-2: Ball 3-2: Foul Ball, location: 2F 3-2: Base on Balls
|
|
Batting: LHB Mitchell Page
|
0-0: Reached on error, E6 (Groundball, 6M, EV 88.8 MPH) Ozzie Smith to second
|
|
Batting: RHB Kevin McReynolds
|
0-0: Ball 1-0: Called Strike 1-1: Fly out, F8 (Line Drive, 8LD, EV 86.9 MPH)
|
|
Batting: RHB Tim Teufel
|
0-0: Ball Ozzie Smith steals 3rd base (no throw) Mitchell Page to second 1-0: Ball 2-0: Foul Ball, location: 2F 2-1: Ball 3-1: Ground out 5-3 (Groundball, 56, EV 83.8 MPH)
|
|
Batting: RHB Steve Henderson
|
0-0: Called Strike 0-1: Ball 1-1: Called Strike 1-2: Ball 2-2: Fly out, F9 (Flyball, 89D, EV 100.0 MPH)
|
| Top of the 5th over - 0 runs, 0 hits, 1 error, 2 left on base; Chicago 3 - Oakland 3 |
| BOTTOM OF THE 5TH |
|
Oakland Athletics batting - Pitching for Chicago White Sox : LHP Douglas Nelson
|
|
Batting: LHB Ruppert Jones
|
0-0: Fly out, F8 (Flyball, 8LXD, EV 95.0 MPH)
|
|
Batting: RHB Dave Henderson
|
0-0: Called Strike 0-1: SOLO HOME RUN (Flyball, 7D, EV 91.9 MPH), Distance : 372 ft
|
|
Batting: LHB Reggie Jackson
|
0-0: Ball 1-0: Fly out, F6 (Popup, 6M, EV 58.8 MPH)
|
|
Batting: LHB Ben Oglivie
|
0-0: Called Strike 0-1: Called Strike 0-2: Ball 1-2: Reached on error, E4 (Groundball, 4, EV 102.5 MPH)
|
|
Batting: RHB Earl C Williams
|
0-0: Fly out, F9 (Flyball, 9LS, EV 76.9 MPH)
|
| Bottom of the 5th over - 1 run, 1 hit, 1 error, 1 left on base; Chicago 3 - Oakland 4 |
| TOP OF THE 6TH |
|
Chicago White Sox batting - Pitching for Oakland Athletics : RHP Dan Larson
|
|
Batting: SHB Dwayne Taggart
|
0-0: Ball 1-0: Ball 2-0: Ball 3-0: Base on Balls
|
|
Batting: LHB Ryan MacFarland
|
0-0: Called Strike 0-1: Grounds into double play, 6-4-3 (Groundball, 56, EV 87.5 MPH)
|
|
Batting: SHB Wayne Tolleson
|
0-0: Ball 1-0: Swinging Strike 1-1: Called Strike 1-2: Ball 2-2: SINGLE (Groundball, 4MD, EV 105.6 MPH)
|
|
Batting: LHB Steve Christmas
|
0-0: Ball 1-0: Called Strike 1-1: Foul Ball, location: 2F 1-2: Ground out 4-3 (Groundball, 4, EV 85.0 MPH)
|
| Top of the 6th over - 0 runs, 1 hit, 0 errors, 1 left on base; Chicago 3 - Oakland 4 |
| BOTTOM OF THE 6TH |
|
Oakland Athletics batting - Pitching for Chicago White Sox : LHP Douglas Nelson
|
|
Batting: RHB Willie Darkis
|
0-0: Called Strike 0-1: Ball 1-1: Ball 2-1: Swinging Strike 2-2: Strikes out swinging
|
|
Batting: RHB Fred Andrews
|
0-0: Ball 1-0: Ball 2-0: Called Strike 2-1: Ground out 6-3 (Groundball, 6, EV 86.3 MPH)
|
|
Batting: SHB Chico Walker
|
0-0: Ball 1-0: Called Strike 1-1: Ground out 5-3 (Groundball, 5, EV 83.1 MPH)
|
| Bottom of the 6th over - 0 runs, 0 hits, 0 errors, 0 left on base; Chicago 3 - Oakland 4 |
| TOP OF THE 7TH |
|
Chicago White Sox batting - Pitching for Oakland Athletics : RHP Dan Larson
|
|
Batting: SHB Ozzie Smith
|
0-0: Called Strike 0-1: Ball 1-1: Ball 2-1: SINGLE (Groundball, 6M, EV 108.1 MPH) (infield hit)
|
|
Batting: LHB Mitchell Page
|
0-0: Foul Ball, location: 2F 0-1: Called Strike 0-2: Ball 1-2: Ball 2-2: Ball 3-2: Base on Balls Ozzie Smith to second
|
|
Batting: RHB Kevin McReynolds
|
0-0: Ball 1-0: Swinging Strike 1-1: Ball 2-1: Fly out, F9 (Flyball, 89XD, EV 105.0 MPH) Runner from 2nd tags up, SAFE at 3rd, no throw by RF
|
|
Batting: RHB Tim Teufel
|
0-0: Foul Ball, location: 2F 0-1: 3-RUN HOME RUN (Flyball, 7D, EV 93.1 MPH), Distance : 379 ft
|
|
Pitching: LHP Bob Falcon
|
|
|
Batting: RHB Steve Henderson
|
0-0: Foul Ball, location: 2F 0-1: Swinging Strike 0-2: Ball 1-2: Strikes out swinging
|
|
Batting: SHB Dwayne Taggart
|
0-0: Swinging Strike 0-1: Ball 1-1: Foul Ball, location: 2F 1-2: Strikes out looking
|
| Top of the 7th over - 3 runs, 2 hits, 0 errors, 0 left on base; Chicago 6 - Oakland 4 |
| BOTTOM OF THE 7TH |
|
Oakland Athletics batting - Pitching for Chicago White Sox : LHP Douglas Nelson
|
|
Batting: SHB Mike Turgeon
|
0-0: SINGLE (Line Drive, 3D, EV 101.9 MPH)
|
|
Batting: LHB Ruppert Jones
|
0-0: Ball 1-0: SINGLE (Groundball, 34D, EV 105.6 MPH) (infield hit) Mike Turgeon to second
|
|
Batting: RHB Dave Henderson
|
0-0: Ball 1-0: Ball 2-0: Called Strike 2-1: Foul Ball, location: 2F 2-2: SINGLE (Groundball, 4D, EV 95.0 MPH) Mike Turgeon to third Ruppert Jones to second Runner from 3rd tries for Home, SAFE, throw by CF to home
|
|
Pitching: LHP Gary Christophel
|
|
|
Batting: RHB George Hendrick
|
0-0: Ball 1-0: Ball 2-0: Ball 3-0: Foul Ball, location: 2F 3-1: Foul Ball, location: 2F 3-2: Base on Balls Ruppert Jones to third Dave Henderson to second
|
|
Batting: LHB Ben Oglivie
|
0-0: Called Strike 0-1: Called Strike 0-2: Ball 1-2: Ball 2-2: Foul Ball, location: 2F 2-2: Foul Ball, location: 2F 2-2: Foul Ball, location: 2F 2-2: Strikes out swinging
|
|
Batting: RHB Earl C Williams
|
0-0: DOUBLE (Flyball, 3D, EV 100.6 MPH) Ruppert Jones scores Dave Henderson scores George Hendrick to third Runner from 3rd tries for Home, SAFE, throw by RF to trailing runner, SAFE at third!
|
|
Batting: RHB Willie Darkis
|
0-0: Foul Ball, location: 2F 0-1: Foul Ball, location: 2F 0-2: Foul Ball, location: 2F 0-2: Ball 1-2: Strikes out looking
|
|
Batting: RHB Fred Andrews
|
0-0: Ball 1-0: Called Strike 1-1: Foul Ball, location: 2F 1-2: Strikes out looking
|
| Bottom of the 7th over - 4 runs, 4 hits, 0 errors, 1 left on base; Chicago 6 - Oakland 8 |
| TOP OF THE 8TH |
|
Chicago White Sox batting - Pitching for Oakland Athletics : LHP Bob Falcon
|
|
Batting: LHB Ryan MacFarland
|
0-0: Called Strike 0-1: Ball 1-1: Fly out, F8 (Flyball, 8LM, EV 73.1 MPH)
|
|
Batting: SHB Wayne Tolleson
|
0-0: Ball 1-0: Ball 2-0: Called Strike 2-1: Ball 3-1: SINGLE (Line Drive, 89S, EV 96.3 MPH)
|
|
Batting: LHB Steve Christmas
|
0-0: Ball 1-0: Swinging Strike 1-1: Ball 2-1: Ball 3-1: Base on Balls Wayne Tolleson to second
|
|
Batting: SHB Ozzie Smith
|
0-0: Called Strike 0-1: Ball 1-1: Reached on error, E6 (Groundball, 56, EV 84.4 MPH) Wayne Tolleson to third Steve Christmas to second
|
|
Batting: LHB Mitchell Page
|
0-0: Ball 1-0: Ball 2-0: Ball 3-0: Base on Balls Wayne Tolleson scores Steve Christmas to third Ozzie Smith to second
|
|
Batting: RHB Kevin McReynolds
|
0-0: Swinging Strike 0-1: Swinging Strike 0-2: Strikes out swinging
|
|
Batting: RHB Tim Teufel
|
0-0: Called Strike 0-1: Foul Ball, location: 2F 0-2: Foul Ball, location: 2F 0-2: Ball 1-2: Foul Ball, location: 2F 1-2: Fielders Choice at 2nd, 6-4 (Groundball, 6, EV 78.1 MPH)
|
| Top of the 8th over - 1 run, 1 hit, 1 error, 3 left on base; Chicago 7 - Oakland 8 |
| BOTTOM OF THE 8TH |
|
Oakland Athletics batting - Pitching for Chicago White Sox : LHP Gary Christophel
|
|
Batting: SHB Chico Walker
|
0-0: Ball 1-0: Called Strike 1-1: Called Strike 1-2: Foul Ball, location: 2F 1-2: Strikes out looking
|
|
Batting: SHB Mike Turgeon
|
0-0: Ground out U3 (Groundball, 3, EV 104.4 MPH)
|
|
Batting: LHB Ruppert Jones
|
0-0: Ball 1-0: Ball 2-0: Foul Ball, location: 2F 2-1: Ball 3-1: Foul Ball, location: 2F 3-2: Strikes out swinging
|
| Bottom of the 8th over - 0 runs, 0 hits, 0 errors, 0 left on base; Chicago 7 - Oakland 8 |
| TOP OF THE 9TH |
|
Chicago White Sox batting - Pitching for Oakland Athletics : LHP Bob Falcon
|
|
Batting: RHB Steve Henderson
|
0-0: Ball 1-0: Ground out 4-3 (Groundball, 34, EV 84.4 MPH)
|
|
Batting: SHB Dwayne Taggart
|
0-0: Ball 1-0: Foul Ball, location: 2F 1-1: Ground out 4-3 (Groundball, 34S, EV 86.9 MPH)
|
|
Batting: LHB Ryan MacFarland
|
0-0: SINGLE (Line Drive, 78D, EV 101.9 MPH)
|
|
Batting: SHB Wayne Tolleson
|
0-0: Ball 1-0: Ball 2-0: Called Strike 2-1: Swinging Strike 2-2: Ball 3-2: Strikes out swinging
|
| Top of the 9th over - 0 runs, 1 hit, 0 errors, 1 left on base; Chicago 7 - Oakland 8 |
|